 Dungeon Crawl Stone Soup version 0.30-a0-1018-g25214051b3 (webtiles) character file.

Game seed: 13267693311327564723

34199 bande the Cleaver (level 13, 0/80 HPs)
             Began as a Gargoyle Fighter on Apr 8, 2023.
             Was the Champion of Okawaru.
             Slain by Amaemon
             ... wielding a +1 demon whip of venom
              (10 damage)
             ... on level 1 of the Lair of Beasts.
             The game lasted 00:38:15 (21434 turns).

bande the Cleaver (Gargoyle Fighter)               Turns: 21434, Time: 00:38:16

Health: 0/80       AC: 26    Str: 20    XL:     13   Next: 75%
Magic:  0/19       EV: 11    Int: 10    God:    Okawaru [******]
Gold:   423        SH:  7    Dex: 15    Spells: 10/12 levels left

rFire   . . .      SeeInvis .    o - +2 broad axe (freeze)
rCold   . . .      Faith    .    c - +1 buckler
rNeg    + . .      Spirit   +    z - +0 plate armour
rPois   ∞          Reflect  .    d - +1 hat
rElec   +          Rampage  .    K - +0 cloak
rCorr   .                        (no gloves)
Will    .....                    (no boots) Stlth
                                 H - amulet of guardian spirit
HPRegen 0.33/turn                h - +5 ring of evasion
MPRegen 0.16/turn                w - ring of flight

@: flying
A: sickness immunity, AC +9, negative energy resistance 1, electricity
resistance, torment resistance 1, petrification resistance, thin skeletal
structure 1
a: Renounce Religion, Heroism, Finesse, Duel


You were on level 1 of the Lair of Beasts.
You worshipped Okawaru.
Okawaru was exalted by your worship.
You visited 3 branches of the dungeon, and saw 16 of its levels.
You also visited: Sewer and Bailey.

You collected 753 gold pieces.
You spent 330 gold pieces at shops.

Inventory:

Hand Weapons
 a - a +0 war axe of freezing
 o - a +2 broad axe of freezing (weapon)
 x - a +3 scimitar of flaming
 I - a +5 morningstar
 M - a +0 broad axe
Missiles
 s - 2 throwing nets (quivered)
Armour
 c - a +1 buckler (worn)
 d - a +1 hat (worn)
 g - a +0 helmet
 z - a +0 plate armour (worn)
 K - a +0 cloak (worn)
Jewellery
 f - a ring of ice
 h - a +5 ring of evasion (left hand)
 m - a +6 ring of strength
 n - a ring of protection from cold
 w - a ring of flight (right hand)
 y - a ring of resist corrosion
 B - an amulet of faith
 C - a +6 ring of intelligence
 H - an amulet of guardian spirit (around neck)
 L - a +6 ring of strength
 Q - an amulet of the acrobat
 T - a ring of see invisible
Wands
 q - a wand of flame (10)
 A - a wand of acid (8)
 D - a wand of charming (6)
 J - a wand of iceblast (4)
 R - a wand of polymorph (8)
Scrolls
 b - a scroll of fog
 t - a scroll of summoning
 v - a scroll of acquirement
 E - 3 scrolls of enchant armour
 N - a scroll of silence
 O - 4 scrolls of teleportation
 P - a scroll of enchant weapon
 S - 3 scrolls of identify
 U - a scroll of fear
Potions
 e - 6 potions of flight
 i - 11 potions of cancellation
 j - 7 potions of haste
 k - 5 potions of brilliance
 l - 7 potions of magic
 p - a potion of ambrosia
 r - 2 potions of invisibility
 u - a potion of mutation
 F - a potion of curing
 G - a potion of might


   Skills:
 + Level 9.5 Fighting
 + Level 12.3 Axes
 + Level 10.0 Armour
 - Level 0.1 Stealth
 + Level 7.4 Shields
 * Level 7.7 Translocations
 * Level 8.3 Invocations
 * Level 7.7 Evocations


You had 10 spell levels left.
You knew the following spells:

 Your Spells              Type           Power      Damage    Failure   Level
a - Blink                 Tloc           30%        N/A       45%         2

Your spell library contained the following spells:

 Spells                   Type           Power      Damage    Failure   Level
 Lesser Beckoning         Tloc           30%        N/A       45%         2
 Momentum Strike          Conj/Tloc      14%        3d8       95%         2
 Portal Projectile        Hex/Tloc       14%        N/A       99%         3
 Vhi's Electric Charge    Tloc/Air       14%        N/A       99%         3
 Volatile Blastmotes      Fire/Tloc      14%        2d11      99%         3
 Kiss of Death            Conj/Necr      0%         2d5       100%        1
 Magic Dart               Conj           0%         1d3       100%        1
 Ensorcelled Hibernation  Hex/Ice        0%         N/A       100%        2
 Passwall                 Tmut/Erth      0%         N/A       100%        2
 Confusing Touch          Hex            0%         N/A       100%        3
 Ignite Poison            Fire/Tmut/Pois 0%         N/A       100%        3
 Mephitic Cloud           Conj/Pois/Air  0%         N/A       100%        3
 Ozocubu's Armour         Ice            0%         N/A       100%        3
 Spider Form              Tmut/Pois      0%         N/A       100%        3
 Swiftness                Air            0%         N/A       100%        3
 Anguish                  Hex/Necr       0%         N/A       100%        4
 Cause Fear               Hex            0%         N/A       100%        4
 Dispel Undead            Necr           0%         3d6       100%        4
 Fulminant Prism          Conj/Hex       0%         3d5       100%        4
 Iskenderun's Mystic Bla  Conj/Tloc      7%         2d4       100%        4
 Leda's Liquefaction      Hex/Erth       0%         N/A       100%        4
 Arcjolt                  Conj/Air       0%         1d10      100%        5
 Freezing Cloud           Conj/Ice/Air   0%         6-21      100%        5
 Lee's Rapid Deconstruct  Erth           0%         3d4*      100%        5
 Metabolic Englaciation   Hex/Ice        0%         N/A       100%        5
 Dragon Form              Tmut           0%         N/A       100%        7
 Orb of Destruction       Conj           0%         9d5       100%        7
 Maxwell's Capacitive Co  Air            0%         ∞         100%        8
 Call Imp                 Summ           Unusable   N/A       N/A         2
 Cigotuvi's Dreadful Rot  Necr/Pois/Air  Unusable   N/A       N/A         2
 Call Canine Familiar     Summ           Unusable   N/A       N/A         3
 Summon Guardian Golem    Hex/Summ       Unusable   N/A       N/A         3
 Simulacrum               Ice/Necr       Unusable   N/A       N/A         6
 Spellforged Servitor     Conj/Summ      Unusable   N/A       N/A         7
 Dragon's Call            Summ           Unusable   N/A       N/A         9

Dungeon Overview and Level Annotations

Branches:
Dungeon (14/15)            Temple (1/1) D:7            Lair (1/5) D:11
    Orc (0/2) D:10         Vaults (0/5) D:13          Sewer (visited)
 Bailey (visited)

Altars:
Dithmenos
Elyvilon
Fedhas
Kikubaaqudgha
Okawaru
Ru
Sif Muna
Vehumet
Wu Jian
Xom
Yredelemnul
Zin
The Shining One

Shops:
D:7 [   D:8 =*

Portals:
Trove: D:12 (give +4 storm dragon scales)

Annotations:
D:11 exclusion: oklob plant
Lair:1 Amaemon


Innate Abilities, Weirdness & Mutations

You are immune to sickness and miasma.
Your stone body is resilient. (AC +9)
You are immune to poison.
You resist negative energy. (rN+)
You are resistant to electric shocks. (rElec)
You are resistant to unholy torment.
You are immune to petrification.
You have a somewhat thin skeletal structure. (Dex +2, Stealth+)


Message History

The water moccasin seems to slow down.
You freeze the water moccasin.
You kill the water moccasin!
Okawaru accepts your kill.
The wolf bites you but does no damage. x2; The komodo dragon bites you!
The wolf bites you.
Amaemon casts a spell at the scorpion.
The scorpion seems to grow toxic.
The orange demon barely misses you.
You slash Amaemon! You freeze Amaemon.
Amaemon is moderately wounded.
You miss the wolf.
You hit the komodo dragon but do no damage.
You barely miss the wolf. The wolf bites you but does no damage.
The wolf barely misses you. The wolf closely misses you.
The komodo dragon barely misses you. The wolf bites you but does no damage.
The orange demon closely misses you.
Amaemon's tail lashes.
Amaemon barely misses you. You block Amaemon's attack. Amaemon misses you.
You hit Amaemon but do no damage.
Amaemon is moderately wounded.
You closely miss the wolf. You hit the scorpion. You freeze the scorpion.
You closely miss the wolf. You hit the komodo dragon.
You freeze the komodo dragon. You block the wolf's attack. x2
The wolf bites you but does no damage.
The scorpion stings you but does no damage.
You block the wolf's attack.
Amaemon hits you with a +1 demon whip of venom!
Amaemon closely misses you. Amaemon barely misses you.
The orange demon stings you but does no damage.
The komodo dragon bites you!!
* * * LOW HITPOINT WARNING * * *
You hit Amaemon. You freeze Amaemon.
Amaemon is moderately wounded.
You miss the wolf. You slash the komodo dragon! You freeze the komodo dragon.
You hit the wolf. You freeze the wolf. You hit the scorpion but do no damage.
The wolf barely misses you. The wolf completely misses you.
You block the scorpion's attack. The wolf completely misses you.
The orange demon stings you but does no damage.
Amaemon sings, "Eyes close, heart stop, nighty-night for you..."
Amaemon hits you with a +1 demon whip of venom!
You die...

.......h........#
#
..............##
# .............#
# #.........# #
#.........# #
#.###.##..# ## #
##.# ####..# #.
.####4###..# #..#
## .....s6@h..#
...P #
......hls..# ..##
# .......s...# #
...P#.###..# #
..# ## #..# # .
#^.. ## #...# #.
.... ..... ####P


You could see Amaemon, an orange demon, a komodo dragon (slow), 2 wolves and 3
scorpions.

Vanquished Creatures
  Gastronok (D:9)
  Snorg (D:10)
  2 vault guards (D:13)
  Erica (D:9)
  A centaur warrior (D:13)
  3 boulder beetles
  4 two-headed ogres
  6 death yaks
  4 skeletal warriors
  Pikel (D:8)
  An ugly thing (D:12)
  A deep elf pyromancer (D:13)
  A harpy (shapeshifter) (D:13)
  A cyclops (D:8)
  Joseph (D:8)
  A cane toad (Lair:1)
  A gargoyle (D:10)
  Maggie (D:8)
  A rime drake (Lair:1)
  An unseen horror (D:11)
  5 trolls
  A polar bear (Lair:1)
  Prince Ribbit (D:5)
  Grinder (Sewer)
  A hornet (D:10)
  3 blink frogs (Lair:1)
  6 slime creatures
  Sigmund (D:5)
  3 shadows
  Eustachio (D:6)
  A wraith (D:11)
  3 wyverns
  24 yaks
  9 humans (D:13)
  A steam dragon (D:5)
  10 vampire mosquitoes
  An acid dragon (D:11)
  2 water moccasins
  Duvessa (D:7)
  6 orc warriors
  3 ogres (D:9)
  3 black bears
  4 wolves (Lair:1)
  2 centaurs
  5 phantoms
  A lemure (D:8)
  7 kobold brigands
  5 bullfrogs
  4 gnoll sergeants
  A scorpion (D:5)
  10 wights
  Dowan (D:7)
  4 killer bees (D:7)
  2 howler monkeys
  6 hounds
  11 orc priests
  3 jellies
  2 gnoll boudas
  2 sleepcaps
  9 iguanas
  8 orc wizards
  6 adders
  23 gnolls
  5 shadow imps (Sewer)
  4 white imps
  6 ufetubi
  A worm (D:3)
  4 dart slugs
  59 orcs
  9 endoplasms
  6 giant cockroaches
  11 goblins
  2 hobgoblins (D:1)
  5 jackals (D:1)
  19 kobolds
  8 quokkas
  12 ball pythons
  5 bats
  3 frilled lizards
  2 kobold zombies (Sewer)
  14 rats
412 creatures vanquished.

Vanquished Creatures (others)
  A vault guard (D:13)
  A fungus (Lair:1)
  6 plants
8 creatures vanquished.

Grand Total: 420 creatures vanquished

Notes
Turn   | Place    | Note
-------+----------+-------------------------------------------
     0 | D:1      | bande the Gargoyle Fighter began the quest for the Orb.
     0 | D:1      | Reached XP level 1. HP: 14/14 MP: 1/1
   145 | D:1      | Reached XP level 2. HP: 19/19 MP: 2/2
   149 | D:1      | Reached skill level 2 in Axes
   396 | D:1      | Reached XP level 3. HP: 23/23 MP: 3/3
  1046 | D:2      | Identified the +5 spear of Haang {heavy, Fly Will- Str+5}
  1080 | D:2      | Reached XP level 4. HP: 28/29 MP: 4/4
  1687 | D:3      | Found a glowing drain.
  1698 | D:3      | Reached skill level 3 in Axes
  1704 | Sewer    | Entered a sewer
  1777 | Sewer    | Reached XP level 5. HP: 25/33 MP: 5/5
  1850 | Sewer    | Noticed a kobold brigand
  1853 | Sewer    | Noticed Grinder
  1870 | Sewer    | Killed a kobold brigand
  1871 | Sewer    | Reached skill level 4 in Axes
  1871 | Sewer    | Reached XP level 6. HP: 18/39 MP: 6/6
  1880 | Sewer    | Paralysed by Grinder for 5 turns
  1908 | Sewer    | Found an ancient bone altar of Kikubaaqudgha.
  1930 | Sewer    | Paralysed by Grinder for 4 turns
  1934 | Sewer    | Killed Grinder
  1935 | Sewer    | Reached skill level 5 in Axes
  1935 | Sewer    | Reached XP level 7. HP: 27/44 MP: 7/7
  2147 | Sewer    | Reached skill level 5 in Fighting
  2264 | Sewer    | Identified the +3 leather armour "Epolegyi" {rN+ Regen+}
  2390 | D:3      | Identified a scroll of acquirement
  2390 | D:3      | Acquired a +1 broad axe of freezing
  2958 | D:3      | Found a blossoming altar of Fedhas.
  3349 | D:4      | Reached skill level 1 in Evocations
  3384 | D:4      | Found a radiant altar of Vehumet.
  3636 | D:4      | Reached skill level 6 in Axes
  3636 | D:4      | Reached skill level 5 in Armour
  3636 | D:4      | Reached XP level 8. HP: 46/49 MP: 8/8
  3745 | D:4      | Learned a level 2 spell: Blink
  3983 | D:5      | Entered Level 5 of the Dungeon
  4087 | D:5      | Reached skill level 1 in Translocations
  4504 | D:5      | Found a glowing golden altar of the Shining One.
  4546 | D:5      | Found the +5 Force Lance {heavy, knockback}
  4752 | D:5      | Noticed Prince Ribbit
  4770 | D:5      | Killed Prince Ribbit
  4774 | D:5      | Reached skill level 5 in Shields
  4864 | D:5      | Reached skill level 7 in Axes
  4864 | D:5      | Reached XP level 9. HP: 45/55 MP: 9/9
  4898 | D:5      | Noticed Sigmund
  4905 | D:5      | Killed Sigmund
  5237 | D:6      | Noticed Eustachio
  5287 | D:6      | Killed Eustachio
  5718 | D:6      | Found a shadowy altar of Dithmenos.
  5772 | D:6      | Found an ornate altar of the Wu Jian Council.
  6034 | D:6      | Reached skill level 8 in Axes
  6310 | D:7      | Found a sacrificial altar of Ru.
  6534 | D:7      | Found a staircase to the Ecumenical Temple.
  6568 | Temple   | Entered the Ecumenical Temple
  6574 | Temple   | Became a worshipper of Warmaster Okawaru
  6691 | D:7      | Noticed Duvessa
  6691 | D:7      | Noticed Dowan
  6702 | D:7      | Killed Duvessa
  6705 | D:7      | Killed Dowan
  6835 | D:7      | Reached skill level 1 in Invocations
  6836 | D:7      | Found Efuxufitaw's Armour Emporium.
  6840 | D:7      | Reached XP level 10. HP: 45/61 MP: 10/10
  8253 | D:8      | Noticed Maggie
  8264 | D:8      | Killed Maggie
  8264 | D:8      | Reached * piety under Okawaru
  8265 | D:8      | Reached skill level 9 in Axes
  8784 | D:8      | Noticed Joseph
  8787 | D:8      | Noticed Pikel
  8796 | D:8      | Killed Joseph
  8806 | D:8      | Killed Pikel
  8909 | D:8      | Found a glowing silver altar of Zin.
  8909 | D:8      | Found a shimmering altar of Xom.
  8909 | D:8      | Noticed an angel
  8938 | D:8      | Found Ymadwer's Jewellery Shoppe.
  8947 | D:8      | Identified the +1 robe of the Game Afoot {rN++}
  8955 | D:8      | Bought an amulet of guardian spirit for 330 gold pieces
  8966 | D:8      | Gained mutation: You have large cloven feet. [potion of
                  | mutation]
  8967 | D:8      | Lost mutation: You have large cloven feet. [potion of
                  | mutation]
  8967 | D:8      | Gained mutation: You have very sharp teeth. [potion of
                  | mutation]
  8967 | D:8      | Gained mutation: You are frail. (-10% HP) [potion of
                  | mutation]
  8967 | D:8      | Gained mutation: Your muscles are strong. (Str +4, Int/Dex
                  | -1) [potion of mutation]
  8968 | D:8      | Lost mutation: You are frail. (-10% HP) [potion of
                  | mutation]
  8968 | D:8      | Lost mutation: Your muscles are strong. (Str +4, Int/Dex
                  | -1) [potion of mutation]
  8968 | D:8      | Lost mutation: You have very sharp teeth. [potion of
                  | mutation]
  8968 | D:8      | Gained mutation: You have a somewhat thin skeletal
                  | structure. (Dex +2, Stealth+) [potion of mutation]
  9008 | D:8      | Noticed a cyclops
  9013 | D:8      | Killed a cyclops
  9013 | D:8      | Reached ** piety under Okawaru
  9184 | D:8      | Found a white marble altar of Elyvilon.
  9395 | D:8      | Found Sakko's Gadget Gallery.
  9580 | D:9      | Found a basalt altar of Yredelemnul.
  9584 | D:9      | Found a flagged portal.
  9603 | Bailey   | Entered a bailey
 10065 | D:9      | Reached XP level 11. HP: 52/67 MP: 9/13
 10074 | D:9      | Reached skill level 5 in Evocations
 10395 | D:9      | Noticed a two-headed ogre
 10408 | D:9      | Killed a two-headed ogre
 10768 | D:9      | Noticed Erica
 10782 | D:9      | Reached skill level 5 in Translocations
 10785 | D:9      | Killed Erica
 10785 | D:9      | Reached *** piety under Okawaru
 11003 | D:9      | Reached skill level 10 in Axes
 11295 | D:9      | Noticed Gastronok
 11311 | D:9      | Killed Gastronok
 11311 | D:9      | Reached **** piety under Okawaru
 11571 | D:9      | Found a shimmering blue altar of Sif Muna.
 11739 | D:10     | Entered Level 10 of the Dungeon
 11794 | D:10     | Noticed a two-headed ogre
 11804 | D:10     | Killed a two-headed ogre
 11805 | D:10     | Reached skill level 5 in Invocations
 11872 | D:10     | Identified the +8 war axe of Causality {flame, rCorr Str+4
                  | Dex-4}
 11890 | D:10     | Noticed Snorg
 11899 | D:10     | HP: 3/68 [Snorg (5)]
 11915 | D:10     | Killed Snorg
 12484 | D:10     | Found a staircase to the Orcish Mines.
 12588 | D:9      | Reached ***** piety under Okawaru
 13327 | D:10     | Reached XP level 12. HP: 55/73 MP: 11/16
 13469 | D:10     | Received a gift from Okawaru
 14672 | D:11     | Found a staircase to the Lair.
 14916 | D:11     | Received a gift from Okawaru
 14922 | D:11     | Reached skill level 11 in Axes
 15411 | D:12     | Noticed a two-headed ogre
 15422 | D:12     | Killed a two-headed ogre
 15556 | D:12     | Noticed a two-headed ogre
 15561 | D:12     | Killed a two-headed ogre
 15665 | D:12     | Found a portal to a secret trove of treasure.
 15761 | D:12     | Noticed a boulder beetle
 15794 | D:12     | Killed a boulder beetle
 15989 | D:12     | Noticed a boulder beetle
 16016 | D:12     | Killed a boulder beetle
 16994 | D:13     | Noticed a centaur warrior
 17007 | D:13     | Killed a centaur warrior
 17197 | D:13     | Killed a vault guard
 17664 | D:13     | Noticed a boulder beetle
 17909 | D:13     | Killed a boulder beetle
 17909 | D:13     | Received a gift from Okawaru
 17910 | D:13     | Reached XP level 13. HP: 47/80 MP: 9/18
 19989 | D:13     | Noticed a vault guard
 19991 | D:13     | Noticed a vault guard
 20010 | D:13     | Killed a vault guard
 20069 | D:13     | Killed a vault guard
 20070 | D:13     | Reached skill level 12 in Axes
 20357 | D:13     | Found a gate to the Vaults.
 20583 | Lair:1   | Entered Level 1 of the Lair of Beasts
 20982 | Lair:1   | Identified the +7 ring mail of Okawaru's Reproof {Int+3}
                  | (Okawaru gifted it to you on level 1 of the Lair of Beasts)
 20982 | Lair:1   | Received a gift from Okawaru
 21238 | Lair:1   | Reached ****** piety under Okawaru
 21274 | Lair:1   | Reached skill level 10 in Armour
 21420 | Lair:1   | Noticed Amaemon
 21434 | Lair:1   | Slain by Amaemon

Illustrated notes

Levels and vault maps discovered:
D:1:      eino_arrival_cavern_c, layout_basic, serial_co_window_serial,
          co_window_paths_b, co_window_cross_1, co_window_paths_a,
          co_window_corner_a, co_window_corner_a, co_window_cross_2,
          co_window_broadway_c, co_window_unsneaky_path_e, co_window_corner_cb,
          co_window_corner_b, co_window_unsneaky_path_d, glass_columns_a,
          minmay_split_cup_large
D:2:      layout_basic
D:3:      minmay_wonky_spiral, layout_loops_ring, fedhas_altar_4,
          gup_sewer_entry_glass, serial_bayou_lagoon_a, minivault_4
D:4:      layout_gridville, nicolae_vehumet_radiance, minmay_checkerbox
D:5:      layout_cave_pods, tso_metal_star, uniq_prince_ribbit1, uniq_sigmund
D:6:      layout_layer_cave, kennysheep_mini_moat, mainiacjoe_overflow_paths,
          minmay_misc_feat_rows, minivault_11, kennysheep_generic_room_14,
          uniq_eustachio
D:7:      layout_loops_ring, nicolae_ru_sacrificial_ziggurat,
          minmay_temple_entry_junction, serial_shops, nicolae_square_shop,
          st_stairs_4, glass_columns_a, uniq_duvessa
D:8:      layout_rooms, grunt_temple_overflow_order_and_chaos_1,
          elyvilon_altar_4, serial_shops, nicolae_square_shop,
          nicolae_shop_gadgets, uniq_pikel, uniq_joseph, uniq_maggie
D:9:      layout_long_grid, nicolae_sif_muna_condensation, lemuel_crystal_altar,
          enter_bailey_2, uniq_gastronok, uniq_erica
D:10:     layout_irregular_city, kennysheep_orc_monster_closet_entryway,
          nicolae_wwwww, uniq_snorg
D:11:     layout_irregular_city, dpeg_oklobed_lair, grunt_decor_resistance
D:12:     layout_gridville, enter_trove_3
D:13:     layout_basic, ximxim_vaults_locker_room
D:14:     layout_long_grid, minmay_misc_feat_tiny, serial_shops, shop,
          kennysheep_big_empty_room
Temple:   nicolae_temple_bog_church
Lair:1:   layout_small_grid, grunt_megastairs_5, uniq_amaemon

Skill      XL: |  1  2  3  4  5  6  7  8  9 10 11 12 13 |
---------------+----------------------------------------+-----
Axes           | 2 3 4 5 6 7 8 9 10 11 12 | 12.3
Fighting       | 4 5 6 7 8 9 |  9.5
Armour         | 4 5 6 7 8 9 10 | 10.0
Shields        | 4 5 6 7 |  7.4
Evocations     | 1 2 3 4 6 7 |  7.7
Translocations | 2 3 4 5 7 |  7.7
Invocations    | 1 3 5 7 8 |  8.3
Stealth        | |  0.1

Action                     |  1- 3 |  4- 6 |  7- 9 | 10-12 | 13-15 || total
---------------------------+-------+-------+-------+-------+-------++-------
  Melee: War axe           |    99 |   115 |    26 |       |       ||   240
         Broad axe         |       |       |   333 |   591 |   265 ||  1189
    Use: Scroll            |     8 |     2 |    10 |     8 |     3 ||    31
         Potion            |       |     2 |       |    16 |     2 ||    20
 Armour: Scale mail        |    64 |    56 |   183 |    11 |       ||   314
         Chain mail        |       |       |       |    78 |       ||    78
         Plate armour      |       |       |       |   340 |   125 ||   465
  Dodge: Dodged            |    59 |    99 |   290 |   428 |   108 ||   984
  Block: Buckler           |    32 |    38 |   129 |   250 |    74 ||   523

Table legend: (Time is in decaauts)
 A = Elapsed time spent in this place.
 B = Non-inter-level travel time spent in this place.
 C = Inter-level travel time spent in this place.
 D = Time resting spent in this place.
 E = Time spent auto-exploring this place.
 F = Levels seen in this place.
 G = Mean time per level.
                   A        B        C        D        E       F      G
               +--------+--------+--------+--------+--------+-----+--------+
         Total |  21784 |  21311 |    473 |   8448 |   8870 |  18 | 1210.2 |
       Dungeon |  20126 |  19653 |    473 |   8065 |   8142 |  14 | 1437.6 |
        Temple |     89 |     89 |      0 |     77 |      0 |   1 |   89.0 |
          Lair |    472 |    472 |      0 |    109 |    234 |   1 |  472.0 |
         Sewer |    700 |    700 |      0 |    161 |    242 |   1 |  700.0 |
        Bailey |    395 |    395 |      0 |     36 |    252 |   1 |  395.0 |
               +--------+--------+--------+--------+--------+-----+--------+

Top non-repeatable levels by time:
    D:12: 3355 daAuts
     D:9: 2452 daAuts
     D:7: 2333 daAuts
    D:11: 1991 daAuts
    D:10: 1722 daAuts
    D:13: 1571 daAuts
     D:5: 1217 daAuts
     D:6: 1049 daAuts
     D:8: 991 daAuts
     D:3: 942 daAuts
     D:1: 901 daAuts
     D:4: 843 daAuts
     D:2: 752 daAuts
   Sewer: 700 daAuts
  Lair:1: 472 daAuts
